 Dungeon Crawl Stone Soup version 0.23.1 (webtiles) character file.

Game seed: 0

74418 esteth the Destroyer (level 15, -23/94 HPs)
             Began as a Gargoyle Earth Elementalist on Mar 11, 2019.
             Was a High Priest of Vehumet.
             Annihilated by a kraken (33 damage)
             ... on level 2 of the Shoals on Mar 13, 2019.
             The game lasted 01:37:01 (34028 turns).

esteth the Destroyer (Gargoyle Earth Elementalist) Turns: 34028, Time: 01:37:01

Health: -23/94     AC: 28    Str: 13    XL:     15   Next: 46%
Magic:  1/32       EV: 11    Int: 26    God:    Vehumet [*****.]
Gold:   1577       SH:  4    Dex: 12    Spells: 20/40 levels left

rFire    . . .     SeeInvis +   f - staff of wizardry
rCold    . . .     Gourm    .   (no shield)
rNeg     + . .     Faith    .   T - +5 acid dragon scales
rPois    ∞         Spirit   .   (no helmet)
rElec    +         Reflect  +   L - +0 cloak
rCorr    +         Harm     .   Q - +0 pair of gloves
MR       +....                  O - +0 pair of boots
Stlth    ++........             y - +4 amulet of reflection
HPRegen  0.25/turn              M - ring of see invisible
MPRegen  0.23/turn              r - +3 ring of intelligence

@: flying, hasted, studying Short Blades, very quick
A: big wings, icy blue scales 1, agile 1, clever 1, negative energy resistance
1, electricity resistance, unbreathing, petrification resistance, rot immunity,
subdued magic 1, AC +11
a: Stop Flying, Renounce Religion


You were on level 2 of the Shoals.
You worshipped Vehumet.
Vehumet was extremely pleased with you.
You were not hungry.

You visited 4 branches of the dungeon, and saw 20 of its levels.

You collected 1577 gold pieces.

Inventory:

Hand Weapons
 m - a +1 club of draining
Missiles
 b - 356 stones (quivered)
Armour
 L - a +0 cloak (worn)
 O - a +0 pair of boots (worn)
 Q - a +0 pair of gloves (worn)
 T - +5 acid dragon scales (worn)
Magical Staves
 f - an uncursed staff of wizardry (weapon)
Jewellery
 o - a cursed ring of attention {unknown}
 q - an uncursed ring of protection from magic
 r - a +3 ring of intelligence (right hand)
 y - a +4 amulet of reflection (around neck)
 A - an uncursed ring of protection from magic
 G - an uncursed ring of fire
 J - a +4 ring of dexterity
 M - a ring of see invisible (left hand)
 R - an uncursed ring of positive energy
 W - an uncursed ring of wizardry {unknown}
Wands
 c - a wand of iceblast (13)
 s - a wand of flame (45)
 t - a wand of clouds (4)
 u - a wand of polymorph (13)
 C - a wand of random effects (37)
 E - a wand of enslavement (16)
 I - a wand of paralysis (23)
 N - a wand of digging (5)
Scrolls
 a - 2 scrolls of fear
 h - 7 scrolls of teleportation
 i - 8 scrolls of remove curse
 k - 4 scrolls of amnesia
 l - 2 scrolls of magic mapping
 p - 2 scrolls of immolation
 x - 2 scrolls of fog
 H - a scroll of enchant armour
 U - 2 scrolls of enchant weapon
 V - a scroll of identify
Potions
 e - 4 potions of curing
 g - a potion of haste
 n - 2 potions of brilliance
 v - 2 potions of degeneration {unknown}
 w - a potion of berserk rage {unknown}
 D - 2 potions of heal wounds {unknown}
 F - 2 potions of resistance
 K - 2 potions of might
 P - 2 potions of flight
 X - a potion of ambrosia {unknown}
Books
 z - a manual of Short Blades
Comestibles
 d - 24 rations


   Skills:
 - Level 11.1 Fighting
 - Level 3.2 Armour
 - Level 1.5 Dodging
 - Level 2.1 Stealth
 + Level 13.3 Spellcasting
 - Level 14.3 Conjurations
   Level 0.7 Transmutations
 + Level 6.3 Fire Magic
 - Level 14.0 Earth Magic
 - Level 6.3 Evocations


You had 20 spell levels left.
You knew the following spells:

 Your Spells              Type           Power        Failure   Level  Hunger
a - Sandblast             Erth           ######       0%          1    None
b - Lee's Rapid Deconstr  Erth           ######....   1%          5    ##.....
c - Stone Arrow           Conj/Erth      ######       0%          3    None
d - Blink                 Tloc           N/A          2%          2    None
e - Iskenderun's Mystic   Conj           ######..     1%          4    None
f - Bolt of Magma         Conj/Fire/Erth ######....   1%          5    ##.....

Your spell library contained the following spells:

 Spells                   Type           Power        Failure   Level  Hunger
 Magic Dart               Conj           ####         0%          1    None
 Searing Ray              Conj           ######       0%          2    None
 Freeze                   Ice            ##..         1%          1    None
 Passwall                 Tmut/Erth      #####...     1%          2    None
 Throw Frost              Conj/Ice       #####.       1%          2    None
 Conjure Flame            Conj/Fire      ######..     1%          3    None
 Dazzling Spray           Conj/Hex       #####.       1%          3    None
 Ignite Poison            Fire/Tmut/Pois ###.....     1%          3    None
 Mephitic Cloud           Conj/Pois/Air  ####....     1%          3    None
 Force Lance              Conj/Tloc      #####...     1%          4    None
 Fulminant Prism          Conj/Hex       #####.....   1%          4    None
 Leda's Liquefaction      Hex/Erth       #####.....   1%          4    None
 Petrify                  Tmut/Erth      #####...     1%          4    None
 Throw Icicle             Conj/Ice       #####...     1%          4    None
 Irradiate                Conj/Tmut      #####.....   1%          5    ##.....
 Call Imp                 Summ           ##......     2%          2    None
 Slow                     Hex            ##......     2%          2    None
 Gell's Gravitas          Tloc           ##........   4%          3    None
 Ozocubu's Armour         Chrm/Ice       ##......     4%          3    None
 Portal Projectile        Hex/Tloc       ##....       4%          3    None
 Spectral Weapon          Hex/Chrm       ##......     4%          3    None
 Ice Form                 Ice/Tmut       ##......     14%         4    None
 Cause Fear               Hex            ##........   16%         4    None
 Summon Ice Beast         Ice/Summ       ##......     16%         4    None
 Alistair's Intoxication  Tmut/Pois      ##......     38%         5    ##.....
 Summon Mana Viper        Hex/Summ       ##......     41%         5    ##.....
 Hydra Form               Tmut           ###.......   87%         6    #####..
 Dispersal                Tloc           ##........   92%         6    #####..
 Controlled Blink         Tloc           N/A          100%        8    #######
 Disjunction              Tloc           ##........   100%        8    #######
 Sublimation of Blood     Necr           Unusable     N/A         2    N/A

Dungeon Overview and Level Annotations

Branches:
Dungeon (11/15)            Temple (0/1) D:6            Lair (6/6) D:11
 Shoals (2/4) Lair:3       Spider (1/4) Lair:2        Slime (0/5) Lair:6
    Orc (0/2) D:11

Altars:
Dithmenos
Fedhas
Gozag
Hepliaklqana
Makhleb
Nemelex Xobeh
Ru
Sif Muna
Vehumet
Wu Jian
Xom
Zin

Shops:
D:4 *!?   D:7 *   Shoals:2 %%*(

Annotations:
D:5 2 transporters, 3 runed translucent doors, Karim's ghost, amateur NaFi
D:6 1 runed translucent door, Crazy Yiuf
D:9 1 runed translucent door, grocchini's ghost, novice VSFi
D:10 exclusion: downstairs
Lair:5 Snorg
Lair:6 exclusion: fire crab
Shoals:1 exclusion: downstairs
Spider:1 1 runed translucent door, Ikly's ghost, journeyman GrFi


Innate Abilities, Weirdness & Mutations

You are resistant to torment.
Your stone body is resilient. (AC +11)
You are immune to poison.
Your large and strong wings let you fly indefinitely.
You resist negative energy. (rN+)
You are resistant to electric shocks. (rElec)
You can survive without breathing.
You are immune to petrification.
You are immune to rotting.
You are partially covered in icy blue scales. (AC +2)
You are agile. (Dex +2)
Your mind is acute. (Int +2)
Your spells are a little easier to cast, but a little less powerful.


Message History

The orb of energy explodes!
The mystic blast hits the tentacle!!
The tentacle is severely wounded.
The mystic blast hits the tentacle!
The tentacle is almost dead.
The mystic blast hits the tentacle.
The tentacle is almost dead.
The tentacle slaps you! x3
* * * LOW HITPOINT WARNING * * *
The tentacle slaps you but does no damage.
The tentacle closely misses you.
A tentacle rises from the water!
A tentacle comes into view.
Casting: Iskenderun's Mystic Blast (safe; 1% risk of failure)
Confirm with . or Enter, or press ? or * to list all spells.
You don't have enough magic to cast that spell.
You feel yourself speed up.
The tentacle slaps you but does no damage. x2
The tentacle slaps you!
* * * LOW HITPOINT WARNING * * *
The kraken bites you!!
You die...

.≈≈≈≈P≈≈P≈≈≈≈≈≈≈≈≈≈≈≈≈≈§≈≈≈≈≈#
.≈PPP≈PPP≈≈≈≈≈≈≈≈≈≈≈≈≈≈≈≈≈≈≈≈#
.≈≈≈PPP≈P≈≈≈≈≈≈≈≈≈≈≈≈≈≈≈≈≈≈≈≈#
≈≈P≈≈≈P≈≈PP≈≈≈≈≈≈≈≈≈≈≈≈≈≈≈≈≈≈#
≈≈≈≈≈≈≈≈≈≈≈≈≈≈≈≈≈≈≈≈≈≈≈≈≈≈≈≈≈#
≈≈≈≈≈≈≈≈≈≈≈P≈≈≈≈≈≈≈≈≈≈≈≈≈≈≈≈≈#
≈≈≈≈≈≈≈≈≈≈≈≈≈≈≈≈≈≈≈≈≈≈≈≈≈≈≈≈≈#
≈≈≈≈≈≈≈≈≈≈≈≈≈≈≈≈≈ww≈≈≈≈≈≈≈≈≈≈#
≈≈≈≈≈≈≈≈≈≈≈≈≈≈≈≈@X≈≈≈≈≈≈≈≈≈≈≈#
≈≈≈≈≈≈≈≈≈≈≈≈≈≈≈≈ww≈≈≈≈≈≈≈≈≈≈≈#
≈≈≈≈≈≈≈≈≈≈≈≈≈≈≈≈≈≈≈≈≈≈#
≈≈≈≈≈≈≈≈≈≈≈≈≈≈≈≈≈≈≈≈≈≈#
≈≈≈≈≈≈≈≈≈≈≈≈≈≈≈≈≈
≈≈≈≈≈≈≈≈≈≈≈≈≈≈≈≈≈
≈≈≈≈≈≈≈≈≈≈≈≈≈≈≈≈
≈≈≈≈≈≈≈≈≈≈≈≈≈≈≈


You could see a kraken and 4 tentacles.

Vanquished Creatures
  Nikola (Shoals:2)
  Josephine (Shoals:1)
  3 merfolk impalers
  2 ice dragons (Shoals:2)
  3 catoblepae (Lair:6)
  5 hydras
  2 two-headed ogres
  A merfolk avatar (Shoals:1)
  A satyr (Shoals:1)
  5 death yaks (Lair:6)
  Sonja (Lair:3)
  An unseen horror (D:11)
  3 sea snakes
  8 harpies
  3 ugly things
  10 fauns
  3 orb spiders (Spider:1)
  5 wolf spiders (Spider:1)
  A cyclops (Shoals:1)
  A moth of wrath (Spider:1)
  5 manticores
  A black mamba (Lair:5)
  5 elephants
  3 water nymphs
  5 merfolk sirens (Shoals:2)
  A gargoyle (D:11)
  3 torpor snails (Spider:1)
  9 spiny frogs
  A rime drake (Lair:6)
  7 komodo dragons
  A freezing wraith (D:10)
  4 demonic crawlers
  A troll (D:11)
  6 jumping spiders
  9 merfolk
  Grinder (D:4)
  A hornet (Spider:1)
  24 blink frogs
  A slime creature (Lair:6)
  A snapping turtle (Shoals:1)
  2 dream sheep (Shoals:1)
  8 hippogriffs
  2 shadows
  Sigmund (D:5)
  6 redbacks (Spider:1)
  4 wraiths
  6 tarantellas (Spider:1)
  43 yaks
  3 basilisks
  A steam dragon (Lair:6)
  2 acid dragons (Lair:6)
  4 porcupines
  6 water moccasins
  Duvessa (D:4)
  A necrophage (D:10)
  4 orc warriors
  2 ice beasts
  2 sky beasts
  A black bear (D:9)
  An eye of draining (D:11)
  9 ogres
  5 centaurs
  6 crocodiles
  3 big kobolds (D:9)
  9 bullfrogs
  A wyvern zombie (D:11)
  6 scorpions
  Dowan (D:4)
  14 killer bees
  3 wights (D:9)
  2 vampire bats (Lair:5)
  4 howler monkeys
  6 crimson imps
  5 hounds
  6 orc priests
  4 jellies
  4 iguanas
  2 hell rats (Lair:5)
  7 orc wizards
  8 worker ants
  A killer bee zombie (D:8)
  A hound zombie (D:5)
  2 hound skeletons
  A worker ant zombie (D:10)
  11 gnolls
  10 adders
  8 river rats (Lair:5)
  A shadow imp (D:5)
  12 white imps (Lair:6)
  An ooze (D:2)
  3 worms
  3 leopard geckos
  77 orcs
  7 giant cockroaches
  12 goblins
  3 hobgoblins
  16 jackals
  8 kobolds
  3 quokkas
  A ball python (D:3)
  A ball python skeleton (D:4)
  12 bats
  6 frilled lizards
  A jackal zombie (D:7)
  A leopard gecko skeleton (D:7)
  A leopard gecko zombie (D:5)
  5 rats
  A fungus (Lair:6)
  5 tentacles (Shoals:2)
568 creatures vanquished.

Vanquished Creatures (others)
  A faun (Shoals:1)
  A bush (Lair:6)
  3 fungi
  27 plants
  14 tentacles (Shoals:2)
46 creatures vanquished.

Grand Total: 614 creatures vanquished

Notes
Turn   | Place    | Note
-------+----------+-------------------------------------------
     0 | D:1      | esteth the Gargoyle Earth Elementalist began the quest for
                  | the Orb.
     0 | D:1      | Reached XP level 1. HP: 10/10 MP: 3/3
   560 | D:1      | Reached XP level 2. HP: 7/15 MP: 3/5
  1227 | D:1      | Reached XP level 3. HP: 13/19 MP: 6/6
  2177 | D:2      | You fall through a shaft!
  2478 | D:2      | Reached XP level 4. HP: 21/24 MP: 5/8
  2542 | D:2      | Reached skill level 1 in Armour
  3032 | D:3      | Found a burning altar of Makhleb.
  3060 | D:3      | Reached skill level 5 in Earth Magic
  3173 | D:3      | Found a glowing silver altar of Zin.
  3174 | D:3      | Noticed an angel
  3176 | D:3      | Noticed an Executioner
  3286 | D:3      | Reached XP level 5. HP: 28/28 MP: 7/10
  3502 | D:3      | Learned a level 5 spell: Lee's Rapid Deconstruction
  4143 | D:4      | Found Wiajonoff's General Store.
  4164 | D:4      | Reached XP level 6. HP: 23/32 MP: 8/11
  4373 | D:4      | Noticed Grinder
  4636 | D:4      | Noticed Dowan
  4662 | D:4      | Killed Dowan
  4788 | D:4      | Noticed Duvessa
  4801 | D:4      | Killed Duvessa
  4906 | D:4      | Reached XP level 7. HP: 23/36 MP: 9/13
  5041 | D:4      | Found Bautihe's Magic Scroll Emporium.
  5206 | D:4      | Found Virooni's Distillery.
  5243 | D:4      | Killed Grinder
  5325 | D:4      | Found a radiant altar of Vehumet.
  5326 | D:4      | Found a sparkling altar of Nemelex Xobeh.
  5330 | D:4      | Became a worshipper of Vehumet
  5332 | D:4      | Found a shadowy altar of Dithmenos.
  5659 | D:4      | Found a blossoming altar of Fedhas.
  5729 | D:5      | Entered Level 5 of the Dungeon
  5825 | D:5      | Found a transporter.
  5830 | D:5      | Noticed a kobold demonologist
  5858 | D:5      | Found a transporter.
  5974 | D:5      | Learned a level 3 spell: Stone Arrow
  6001 | D:5      | Noticed Sigmund
  6021 | D:5      | Killed Sigmund
  6021 | D:5      | Reached skill level 5 in Spellcasting
  6021 | D:5      | Reached XP level 8. HP: 33/41 MP: 4/16
  6253 | D:5      | Noticed Karim's ghost (amateur NaFi)
  6287 | D:5      | Found a runed translucent gate.
  6287 | D:5      | Found a runed translucent gate.
  6287 | D:5      | Found a runed translucent gate.
  6352 | D:5      | Reached * piety under Vehumet
  6352 | D:5      | Offered knowledge of Flame Tongue by Vehumet.
  7136 | D:6      | Found a staircase to the Ecumenical Temple.
  7761 | D:6      | Reached skill level 10 in Earth Magic
  8036 | D:6      | Found a runed translucent door.
  8037 | D:6      | Noticed Crazy Yiuf
  8221 | D:7      | Found Peustu's General Store.
  8237 | D:7      | Reached XP level 9. HP: 39/45 MP: 16/19
  9385 | D:8      | Found a sacrificial altar of Ru.
  9456 | D:8      | Reached ** piety under Vehumet
  9500 | D:8      | Offered knowledge of Sting by Vehumet.
  9534 | D:8      | Found a shimmering altar of Xom.
  9535 | D:8      | Found a hazy altar of Hepliaklqana.
  9536 | D:8      | Noticed a spectral ugly thing
 10208 | D:8      | Got a smoking steel ring
 10236 | D:8      | Identified the ring "Dudo" {*Tele MR+} (You found it on
                  | level 8 of the Dungeon)
 10247 | D:8      | Learned a level 2 spell: Blink
 10653 | D:9      | Noticed grocchini's ghost (novice VSFi)
 10656 | D:9      | Identified the +7 spear of Unreason {antimagic, Str+2 Dex-3
                  | Stlth+}
 10660 | D:9      | Found a runed translucent door.
 10686 | D:9      | Found an opulent altar of Gozag.
 10704 | D:9      | Reached skill level 10 in Spellcasting
 10929 | D:9      | Reached XP level 10. HP: 48/50 MP: 13/24
 11338 | D:9      | Noticed a two-headed ogre
 11366 | D:9      | Killed a two-headed ogre
 11435 | D:9      | Offered knowledge of Throw Frost by Vehumet.
 11454 | D:9      | Found an ornate altar of the Wu Jian Council.
 11736 | D:9      | Noticed a cyan ugly thing
 11829 | D:9      | Killed a cyan ugly thing
 11829 | D:9      | Reached *** piety under Vehumet
 12003 | D:9      | Found a deep blue altar of Sif Muna.
 12280 | D:10     | Entered Level 10 of the Dungeon
 12947 | D:10     | Found a hazy altar of Hepliaklqana.
 13153 | D:11     | Reached XP level 11. HP: 62/62 MP: 18/26
 13210 | D:11     | Offered knowledge of Iskenderun's Mystic Blast by Vehumet.
 13273 | D:11     | Reached skill level 5 in Fighting
 13408 | D:11     | Noticed a brown ugly thing
 13416 | D:11     | Killed a brown ugly thing
 13527 | D:11     | Noticed a brown ugly thing
 13663 | D:11     | Noticed a manticore
 13771 | D:10     | Reached **** piety under Vehumet
 13998 | D:11     | Killed a manticore
 14178 | D:11     | Killed a brown ugly thing
 14263 | D:11     | Offered knowledge of Bolt of Draining by Vehumet.
 14773 | D:10     | Got a twisted rapier
 14774 | D:10     | Identified the cursed +2 rapier "Enexzogi" {vamp, *Drain
                  | rPois Dex+5 Stlth+} (You found it on level 10 of the
                  | Dungeon)
 14824 | D:11     | Reached skill level 1 in Conjurations
 15085 | D:11     | Found a staircase to the Orcish Mines.
 15167 | D:11     | Killed an unseen horror
 15390 | D:11     | Found a staircase to the Lair.
 15562 | D:11     | Noticed a two-headed ogre
 15564 | D:11     | Killed a two-headed ogre
 15775 | Lair:1   | Entered Level 1 of the Lair of Beasts
 15783 | Lair:1   | Noticed a four-headed hydra
 15788 | Lair:1   | Killed a four-headed hydra
 16182 | Lair:1   | Reached XP level 12. HP: 22/73 MP: 4/27
 16196 | Lair:1   | Reached skill level 5 in Conjurations
 17198 | Lair:2   | You fall through a shaft for 2 floors!
 17213 | Lair:3   | Noticed Sonja
 17240 | Lair:3   | Killed Sonja
 17601 | Lair:3   | Reached ***** piety under Vehumet
 17839 | Lair:3   | Offered knowledge of Sticky Flame by Vehumet.
 18659 | Lair:3   | Found a staircase to the Shoals.
 18875 | Lair:2   | Found a hole to the Spider Nest.
 18915 | Lair:2   | Learned a level 4 spell: Iskenderun's Mystic Blast
 19977 | Lair:4   | Gained mutation: Your mind is acute. (Int +2) [potion of
                  | mutation]
 19977 | Lair:4   | Gained mutation: Your spells are a little easier to cast,
                  | but a little less powerful. [potion of mutation]
 19977 | Lair:4   | Gained mutation: You are agile. (Dex +2) [potion of
                  | mutation]
 19977 | Lair:4   | Gained mutation: You are partially covered in icy blue
                  | scales. (AC +2) [potion of mutation]
 20009 | Lair:4   | Noticed a six-headed hydra
 20017 | Lair:4   | Killed a six-headed hydra
 20017 | Lair:4   | Reached XP level 13. HP: 81/81 MP: 6/28
 20198 | Lair:4   | Reached skill level 10 in Conjurations
 21036 | Lair:5   | Noticed Snorg
 22239 | Lair:6   | Entered Level 6 of the Lair of Beasts
 22575 | Lair:6   | Reached skill level 1 in Evocations
 23839 | Lair:6   | Found a staircase to the Slime Pits.
 24962 | Lair:6   | Reached skill level 5 in Evocations
 25170 | Lair:6   | Gained mutation: Your large and strong wings let you fly
                  | indefinitely. [Gargoyle growth]
 25170 | Lair:6   | Reached XP level 14. HP: 68/87 MP: 11/29
 26152 | Spider:1 | Entered Level 1 of the Spider Nest
 26277 | Lair:2   | Reached skill level 10 in Fighting
 26616 | Spider:1 | Found a runed translucent door.
 26625 | Spider:1 | Noticed Ikly's ghost (journeyman GrFi)
 27603 | Spider:1 | Reached ****** piety under Vehumet
 27889 | Spider:1 | Noticed a ghost moth
 28297 | Shoals:1 | Entered Level 1 of the Shoals
 28695 | Shoals:1 | Noticed Josephine
 28711 | Shoals:1 | Killed Josephine
 29348 | Shoals:1 | Offered knowledge of Bolt of Magma by Vehumet.
 29489 | Shoals:1 | Learned a level 5 spell: Bolt of Magma
 29639 | Shoals:1 | Reached skill level 1 in Fire Magic
 30187 | Shoals:2 | Found Jith's Antique Weapon Shop.
 31782 | Shoals:2 | Noticed Nikola
 31786 | Shoals:2 | Reached XP level 15. HP: 74/94 MP: 29/31
 31878 | Shoals:2 | Killed Nikola
 32216 | Shoals:2 | Reached skill level 5 in Fire Magic
 32894 | Shoals:2 | Found Soanuh's Food Emporium.
 32898 | Shoals:2 | Found Kileun's Food Shoppe.
 32960 | Shoals:2 | Found Saeniuc's Assorted Antiques.
 32975 | Shoals:2 | Identified a scroll of acquirement
 32976 | Shoals:2 | Identified the Catalogue of Fallacy (You acquired it on
                  | level 2 of the Shoals)
 33266 | Shoals:2 | Noticed a kraken
 34028 | Shoals:2 | Annihilated by a kraken

Skill      XL: |  1  2  3  4  5  6  7  8  9 10 11 12 13 14 15 |
---------------+----------------------------------------------+-----
Earth Magic    | 4 5 7 8 10 11 13 14 | 14.0
Spellcasting   | 3 4 5 6 10 11 12 13 | 13.3
Armour         | 1 2 3 |  3.2
Fighting       | 4 8 9 11 | 11.1
Conjurations   | 4 9 13 14 | 14.3
Evocations     | 5 6 |  6.3
Fire Magic     | 3 6 |  6.3
Dodging        | |  1.5
Stealth        | |  2.1
Transmutations | |  0.7

Action                   |  1- 3 |  4- 6 |  7- 9 | 10-12 | 13-15 || total
-------------------------+-------+-------+-------+-------+-------++-------
Melee: Unarmed           |    27 |       |       |       |       ||    27
       Dagger            |   141 |    47 |       |       |       ||   188
       Club              |       |   125 |       |       |       ||   125
       Staff             |       |     9 |   171 |    57 |    31 ||   268
Throw: Stone             |       |       |       |       |     1 ||     1
 Cast: Sandblast         |    23 |    52 |    84 |    79 |   206 ||   444
       Lee's Rapid Decon |       |     1 |    13 |    73 |    42 ||   129
       Stone Arrow       |       |       |    41 |   204 |   355 ||   600
       Blink             |       |       |       |     5 |       ||     5
       Iskenderun's Myst |       |       |       |     9 |    76 ||    85
       Bolt of Magma     |       |       |       |       |    30 ||    30
 Abil: Fly               |       |       |       |       |     1 ||     1
Evoke: Wand              |       |       |     6 |       |     1 ||     7
  Use: Scroll            |       |     6 |    10 |    20 |    21 ||    57
       Potion            |       |       |       |     6 |     4 ||    10
 Stab: Sleeping          |     2 |     1 |       |       |       ||     3
  Eat: Chunk             |     5 |     7 |    17 |    28 |    23 ||    80
       Ration            |       |       |     2 |     3 |     8 ||    13
Armor: Robe              |    72 |       |       |       |       ||    72
       Leather armour    |    12 |   127 |    87 |   104 |    55 ||   385
       Acid dragon scale |       |       |       |       |   356 ||   356
Dodge: Dodged            |   135 |   182 |   117 |    93 |   300 ||   827
Block: Other             |       |       |    22 |    42 |    87 ||   151
       Reflection        |       |       |       |     2 |     8 ||    10
